 Dungeon Crawl Stone Soup version 0.27-a0-951-gae3e1deef5 (webtiles) character file.

Game seed: 13368667743153813901

43 polve the Cutter (level 3, 0/29 HPs)
             Began as a Demonspawn Abyssal Knight on Apr 11, 2021.
             Was a Follower of Lugonu.
             Slain by an adder (2 damage)
             ... on level 2 of the Dungeon.
             The game lasted 00:00:51 (1529 turns).

polve the Cutter (Demonspawn Abyssal Knight)        Turns: 1529, Time: 00:00:51

Health: 0/29       AC:  5    Str: 13    XL:     3   Next: 37%
Magic:  4/4        EV: 11    Int: 13    God:    Lugonu [*.....]
Gold:   102        SH:  0    Dex: 12    Spells: 2/2 levels left

rFire    . . .     SeeInvis .   a - +1 short sword
rCold    . . .     Faith    .   (no shield)
rNeg     . . .     Spirit   .   e - +0 ring mail
rPois    .         Reflect  .   (no helmet)
rElec    .         Harm     .   (no cloak)
rCorr    .         Rampage  .   (no gloves)
Will     .....                  (no boots)
Stlth    +.........             (no amulet)
HPRegen  0.09/turn              (no ring)
MPRegen  0.09/turn              (no ring)

@: brilliant, lethally poisoned (0 -> -3), attractive
A: sturdy frame 2
a: Renounce Religion, Depart the Abyss


You were on level 2 of the Dungeon.
You worshipped Lugonu.
Lugonu was aware of your devotion.
You visited 1 branch of the dungeon, and saw 2 of its levels.
You visited the Abyss 1 time.

You collected 102 gold pieces.

Inventory:

Hand Weapons
 a - a +1 short sword (weapon)
Armour
 b - a +0 leather armour
 e - a +0 ring mail (worn)
Jewellery
 k - a ring of magical power
Scrolls
 d - a scroll of blinking {unknown}
 f - a scroll of vulnerability {unknown}
 g - a scroll of noise {unknown}
 h - a scroll of fear {unknown}
 i - 2 scrolls of enchant armour {unknown}
 l - a scroll of teleportation {unknown}


   Skills:
 - Level 3.0 Fighting
 + Level 3.5 Short Blades
 - Level 1.7 Armour
 - Level 0.8 Dodging
 - Level 2.4 Invocations


You had 2 spell levels left.
You didn't know any spells.
Your spell library was empty.

Dungeon Overview and Level Annotations

Branches:
Dungeon (2/15)

Altars:

Shops:
D:1 :


Innate Abilities, Weirdness & Mutations

Your movements are less encumbered by armour. (ER -4)


Message History

You feel sick. The adder bites you but does no damage.
The adder barely misses you.
You closely miss the adder.
The adder is heavily wounded.
You feel sick. The adder bites you.
You are more poisoned.
The adder poisons you!
It was a potion of brilliance.
You feel clever all of a sudden.
You feel sick. The adder misses you.
You barely miss the adder.
The adder is heavily wounded.
You feel sick. The adder closely misses you.
You hit the adder.
The adder is almost dead.
You feel sick. The adder bites you but does no damage.
The adder barely misses you.
You barely miss the adder.
The adder is almost dead.
You feel sick. The adder bites you but does no damage.
You hit the adder.
You kill the adder!
Lugonu accepts your kill.
You feel sick. The adder bites you.
* * * LOW HITPOINT WARNING * * *
You are lethally poisoned!
The adder poisons you!
You feel more clever all of a sudden.
* * * LOW HITPOINT WARNING * * *
You feel sick. The adder closely misses you.
You hit the adder.
The adder is severely wounded.
* * * LOW HITPOINT WARNING * * *
You feel sick. The adder bites you but does no damage.
You aren't carrying any potions.
You closely miss the adder.
The adder is severely wounded.
* * * LOW HITPOINT WARNING * * *
You feel sick. The adder bites you.
You die...

......... ###.....
.!. # # #.#.. #.$ . #
... .##.# .# # #.# #
. ..##. ####.##.# ##.
#... ........# ##..
#.? ####.#.......#
#S#
#.#.#####.###@####...
#.#.# #.##.........
#.#.# #........#...
#.#.# #.##...#.#
#.#.#####.##..##...
#.........##.... ....
####.###.###..### .##
#.....# #..# .#
####### #...


You could see an adder.

Vanquished Creatures
  An adder (D:2)
  A dart slug (D:2)
  7 ball pythons
  2 endoplasms (D:2)
  A hobgoblin (D:1)
  2 kobolds (D:1)
  3 quokkas (D:1)
  4 bats (D:1)
  4 frilled lizards (D:1)
  2 goblins (D:2)
  3 rats
30 creatures vanquished.

Vanquished Creatures (others)
  A plant (D:1)
1 creature vanquished.

Grand Total: 31 creatures vanquished

Notes
Turn   | Place    | Note
-------+----------+-------------------------------------------
     0 | Abyss:1  | polve the Demonspawn Abyssal Knight began the quest for the
                  | Orb.
     0 | Abyss:1  | Reached XP level 1. HP: 18/18 MP: 2/2
    94 | Abyss:1  | Noticed a large abomination
    95 | D:1      | Escaped the Abyss
   371 | D:1      | Found Hoduh's Book Boutique.
   381 | D:1      | Gained mutation: Your movements are slightly less
                  | encumbered by armour. (ER -2) [demonic ancestry]
   381 | D:1      | Reached XP level 2. HP: 23/24 MP: 3/3
   389 | D:1      | Reached * piety under Lugonu
  1087 | D:2      | Gained mutation: Your movements are less encumbered by
                  | armour. (ER -4) [demonic ancestry]
  1087 | D:2      | Reached XP level 3. HP: 22/29 MP: 4/4
  1529 | D:2      | Slain by an adder

Illustrated notes

Levels and vault maps discovered:
D:1:      minmay_arrival_widening_spiral_wide, layout_loops_ring, serial_shops,
          shop, minmay_shallow_snake_nest
D:2:      layout_loops_corners, serial_park_tiny_2, minmay_tetromino_o4

Skill      XL: |  1  2 |
---------------+-------+-----
Short Blades   | 2 3 |  3.5
Fighting       | |  3.0
Armour         | |  1.7
Dodging        | |  0.8
Invocations    | |  2.4

Action                   || total
-------------------------++-------
Melee: Short sword       ||    92
Invok: Depart the Abyss  ||     1
  Use: Potion            ||     3
Armor: Ring mail         ||    25
       Leather armour    ||     1
Dodge: Dodged            ||    48

Table legend: (Time is in decaauts)
 A = Elapsed time spent in this place.
 B = Non-inter-level travel time spent in this place.
 C = Inter-level travel time spent in this place.
 D = Time resting spent in this place.
 E = Time spent auto-exploring this place.
 F = Levels seen in this place.
 G = Mean time per level.
                   A        B        C        D        E       F      G
               +--------+--------+--------+--------+--------+-----+--------+
         Total |   1524 |   1506 |     18 |      0 |   1314 |   3 |  508.0 |
       Dungeon |   1429 |   1411 |     18 |      0 |   1221 |   2 |  714.5 |
         Abyss |     95 |     95 |      0 |      0 |     93 |   1 |   95.0 |
               +--------+--------+--------+--------+--------+-----+--------+

Top non-repeatable levels by time:
     D:1: 937 daAuts
     D:2: 491 daAuts
 Abyss:1: 95 daAuts
